Map: Honorgrounds LE

Players

Musumeci - Winner!

  • Race: Zerg Zerg
  • League: Diamond
  • Spawn Location: 7:00

Ultron

  • Race: Zerg Zerg
  • League: Diamond
  • Spawn Location: 11:00

VOD

Have the link to the VOD?

Description

Time

  • Played on: March 8, 2017, 7:57 a.m.
  • Length: 6:37
Show
View Real Time Build Order
Export as new Build Order

Musumeci Zerg - Winner!

Build Orders: Hatch First 

Get SALT Encoding   

  12  0:01  Drone  
  13  0:08  Drone  
  14  0:19  Drone, Extractor  
  15  0:45  Hatchery  
  15  0:47  Drone, Extractor  
  15  1:00  Extractor  
  15  1:01  Drone, Extractor  
  15  1:10  Spawning Pool  
  14  1:13  Extractor  
  14  1:15  Drone  
  15  1:22  Overlord  
  15  1:44  Drone x3  
  18  1:56  Queen  
  18  1:58  Zergling x2  
  18  2:00  Zergling x2  
  22  2:13  Spine Crawler  
  21  2:18  Metabolic Boost  
  21  2:28  Queen  
  23  2:47  Zergling x10  
  28  3:00  Baneling Nest  
  28  3:04  Zergling x2  
  28  3:29  Overlord  
  28  3:30  Overlord  
  28  3:47  Zergling x8  
  28  3:48  Zergling x8  
  36  4:05  Baneling x3  
  36  4:15  Zergling x10  
  40  4:19  Baneling  
  40  4:20  Baneling x2  
  36  4:53  Zergling x12  
  34  5:24  Baneling x2  
  22  5:44  Zergling x20  
  22  5:48  Baneling x2  
  31  5:54  Zergling x8  
  35  5:58  Zergling x4  
  37  6:08  Drone x3  
Show
View Real Time Build Order
Export as new Build Order

Ultron Zerg 

Build Orders: Hatch First 

Get SALT Encoding   

  12  0:02  Drone  
  13  0:13  Overlord  
  13  0:17  Drone  
  14  0:31  Drone x2  
  16  0:36  Drone  
  17  0:54  Hatchery  
  17  0:56  Drone  
  17  1:03  Extractor  
  16  1:08  Drone x2  
  18  1:20  Spawning Pool  
  17  1:26  Drone  
  17  1:28  Drone  
  19  1:39  Drone  
  20  1:49  Overlord  
  20  2:03  Drone  
  20  2:06  Metabolic Boost  
  20  2:08  Queen  
  21  2:09  Zergling x2  
  21  2:11  Queen  
  26  2:19  Zergling x4  
  28  2:26  Zergling x2  
  28  2:29  Zergling x2  
  30  2:33  Spine Crawler  
  29  2:38  Drone  
  29  2:39  Drone  
  31  2:45  Baneling Nest  
  31  2:49  Drone  
  31  2:50  Drone  
  32  2:57  Drone  
  33  3:03  Overlord  
  33  3:19  Zergling x4  
  36  3:20  Zergling x2  
  35  3:28  Queen  
  35  3:31  Zergling x4, Roach Warren  
  35  3:33  Baneling  
  35  3:34  Baneling  
  38  3:45  Drone x4  
  42  3:52  Drone  
  42  3:53  Overlord  
  43  4:07  Drone  
  43  4:08  Drone  
  42  4:11  Lair  
  42  4:16  Evolution Chamber, Zergling x2  
  40  4:17  Zergling x4  
  41  4:32  Zergling x2  
  41  4:33  Zergling x4  
  39  4:41  Roach x2  
  39  4:44  Overlord  
  43  4:46  Baneling x3  
  42  4:53  Roach  
  42  4:59  Roach x2  
  39  5:14  Roach x3  
  39  5:21  Zergling x4  
  39  5:27  Overlord  
  38  5:29  Zergling x6  
  39  5:37  Roach  
  37  5:49  Zergling x2  
  39  5:50  Zergling x4  
  40  6:01  Drone  
  40  6:02  Drone x3  
  44  6:12  Baneling  
  44  6:13  Drone x2  
Tags
 
Add a new tag
Caveats
  • Supply blocks, unpowered buildings, or Contaminate may cause inaccurate times.
  • Supply counts are checked every 10 seconds.